 Dungeon Crawl Stone Soup version 0.31-a0-691-g409c26aa35 (webtiles) character file.

Game seed: 9380833501842506014

44 lunkers the Ruffian (level 4, -1/35 HPs)
             Began as a Meteoran Shapeshifter on Sept 6, 2023.
             Slain by an adder (2 damage)
             ... on level 2 of the Dungeon.
             The game lasted 00:01:44 (486 turns).

lunkers the Ruffian (Meteoran Shapeshifter)          Turns: 486, Time: 00:01:45

Health: -1/35      AC:  2    Str: 16    XL:     4   Next: 10%
Magic:  5/5        EV: 12    Int: 11    God:
Gold:   45         SH:  0    Dex: 15    Spells: 3/3 levels left

rFire   . .          .
                       - Unarmed
rCold   . . .        (no shield)
rNeg    . . .        a - +0 animal skin
rPois   .            (helmet currently unavailable)
rElec   .            (cloak currently unavailable)
rCorr   .            (gloves currently unavailable)
SInv    .            (boots currently unavailable)
Will    .....        (no amulet)
Stlth   +            (no ring)
HPRegen 0.25/turn    (no ring)
MPRegen 0.09/turn

%: no passive effects
@: lethally poisoned (-1 -> -5), beast-form, glowing
A: beast (slay +2), sense surroundings 1, otherworldly, glowing, explore regen
a: Begin Untransformation


You were on level 2 of the Dungeon.
You were a hulking beast.
You visited 1 branch of the dungeon, and saw 2 of its levels.

You collected 45 gold pieces.

Inventory:

Armour
 a - a +0 animal skin (worn)
 e - a +2 helmet of see invisible
Talismans
 c - a beast talisman (active)
 d - a flux talisman
Scrolls
 f - a scroll of enchant armour {unknown}
 g - a scroll of teleportation {unknown}
 h - a scroll of fog {unknown}
 j - a scroll of identify {unknown}
 k - a scroll of immolation {unknown}
 l - a scroll of acquirement {unknown}
 m - a scroll of fear {unknown}
Potions
 b - a potion of lignification
 i - 2 potions of heal wounds {unknown}
 n - a potion of attraction {unknown}


   Skills:
 - Level 1.1 Fighting
 - Level 2.1 Dodging
 * Level 4.9 Unarmed Combat
 + Level 4.2 Shapeshifting


You had 3 spell levels left.
You didn't know any spells.
Your spell library was empty.

Dungeon Overview and Level Annotations

Branches:
Dungeon (2/15) Zot: 716

Altars:


Innate Abilities, Weirdness & Mutations

You are a hulking beast.
Your limbs bulge with bestial killing power. (Slay +2)
You passively map a small area around you.
You are easily found by Zot.
You glow in the dark.
You regain HP and MP as you explore.


Message History

You closely miss the orc priest.
The orc priest is severely wounded.
You hit the orc priest.
You kill the orc priest!
An endoplasm comes into view.
Your Shapeshifting skill increases to level 4!
You have reached level 3!
Your experience leads to an increase in your attributes!
Increase (S)trength, (I)ntelligence, or (D)exterity?
You feel agile. x2; You feel stronger.
You have reached level 4!
An adder comes into view.
Things that are here:
a +0 whip; a +0 ring mail; an orc corpse The adder hisses angrily.
Things that are here:
a +0 whip; a +0 ring mail; an orc corpse You barely miss the endoplasm.
Your punch misses the endoplasm. The endoplasm barely misses you.
A rat comes into view.
You barely miss the endoplasm. The endoplasm freezes you.
You are frozen.
* * * LOW HITPOINT WARNING * * *
You punch the endoplasm!
You kill the endoplasm!
You closely miss the adder. The adder bites you.
* * * LOW HITPOINT WARNING * * *
You miss the adder. The adder bites you but does no damage.
The adder bites you.
* * * LOW HITPOINT WARNING * * *
You miss the adder. The adder bites you.
* * * LOW HITPOINT WARNING * * *
You are lethally poisoned!
The adder poisons you!
You hit the adder.
The adder is lightly wounded.
* * * LOW HITPOINT WARNING * * *
You feel sick. The adder bites you.
You die...

#.## #.#
#......############### #..##
#.###.####.# # ##..##
#.#...# ,..# #
##..###...###,#### ###
##......##, ##############..
#....#.## * #..........[...#
#.##.#.# #...............
... #.#..,
######.......)...8#8.
..##*#.#..#
#.rSh...)........#[#. ## *
#........####.........#.8#8.
, ..##.#.##*
##.........#..... ...,.#.
.........)....####.# ,
*.##########.####...# , , *
#.## #.### * ** #..###.# , ,
, ##..##.# ##.##.#


You could see an adder and a rat.

Vanquished Creatures
  An orc priest (D:2)
  4 endoplasms
  4 jackals (D:2)
  A kobold (D:2)
  2 ball pythons (D:1)
  A bat (D:1)
  A frilled lizard (D:2)
  2 rats
16 creatures vanquished.

Notes
Turn   | Place    | Note
-------+----------+-------------------------------------------
     0 | D:1      | lunkers the Meteoran Shapeshifter began the quest for the
                  | Orb.
     0 | D:1      | Reached XP level 1. HP: 16/16 MP: 2/2
   349 | D:1      | You fall into a shaft and drop 1 floor!
   388 | D:2      | Reached XP level 2. HP: 23/23 MP: 3/3
   476 | D:2      | Reached XP level 3. HP: 8/28 MP: 4/4
   476 | D:2      | Reached XP level 4. HP: 10/35 MP: 5/5
   486 | D:2      | HP: 1/35 [poisoned by an adder]
   486 | D:2      | Slain by an adder

Illustrated notes

Levels and vault maps discovered:
D:1:      scummos_arrival_checkerplants, layout_basic
D:2:      layout_rooms, hangedman_feature_mirror, minmay_statues_item

Skill      XL: |  1  2 |
---------------+-------+-----
Unarmed Combat | 4 |  4.9
Shapeshifting  | 4 |  4.2
Fighting       | |  1.1
Dodging        | |  2.1

Action                     |  1- 3 |  4- 6 || total
---------------------------+-------+-------++-------
  Melee: Unarmed           |    36 |     7 ||    43
         Punch             |     2 |       ||     2
 Armour: Animal skin       |    11 |     5 ||    16
  Dodge: Dodged            |    12 |     1 ||    13

Table legend: (Time is in decaauts)
 A = Elapsed time spent in this place.
 B = Non-inter-level travel time spent in this place.
 C = Inter-level travel time spent in this place.
 D = Time resting spent in this place.
 E = Time spent auto-exploring this place.
 F = Levels seen in this place.
 G = Mean time per level.
                   A        B        C        D        E       F      G
               +--------+--------+--------+--------+--------+-----+--------+
         Total |    482 |    482 |      0 |      0 |    380 |   2 |  241.0 |
       Dungeon |    482 |    482 |      0 |      0 |    380 |   2 |  241.0 |
               +--------+--------+--------+--------+--------+-----+--------+

Top non-repeatable levels by time:
     D:1: 348 daAuts
     D:2: 134 daAuts
